Map: Terraform LE (Void)

Players

wabbajack

  • Race: Zerg Zerg
  • League: Gold

diamadoshi - Winner!

  • Race: Terran Terran
  • League: Bronze

VOD

Have the link to the VOD?

Description

Time

  • Played on: July 19, 2015, 5:13 p.m.
  • Length: 4:14
Show
View Real Time Build Order
Export as new Build Order

wabbajack Zerg 

Build Orders: Hatch First 

Get SALT Encoding   

  12  0:01  Drone  
  13  0:15  Overlord  
  13  0:24  Drone  
  13  0:26  Extractor  
  13  0:28  Drone, Extractor  
  14  0:30  Drone  
  16  0:37  Overlord  
  16  0:59  Hatchery  
  16  1:02  Drone  
  16  1:05  Extractor  
  16  1:08  Drone  
  16  1:24  Spawning Pool  
  15  1:27  Drone  
  15  1:30  Drone  
  17  1:35  Drone  
  18  2:12  Queen x2  
  18  2:14  Metabolic Boost  
  22  2:23  Zergling x8  
  26  2:31  Spine Crawler  
  25  2:49  Spine Crawler  
  20  3:35  Drone x3  
  20  3:36  Baneling Nest, Roach Warren  
Show
View Real Time Build Order
Export as new Build Order

diamadoshi Terran - Winner!

Build Orders:  

Get SALT Encoding   

  12  0:01  SCV  
  13  0:13  SCV  
  14  0:18  Supply Depot  
  14  0:25  SCV  
  15  0:40  SCV  
  16  0:44  Barracks  
  16  0:52  SCV  
  17  1:00  Barracks  
  17  1:04  SCV  
  17  1:11  Supply Depot  
  18  1:16  SCV  
  19  1:28  SCV  
  19  1:31  Marine  
  21  1:35  Bunker  
  21  1:40  SCV  
  22  1:49  Marine  
  22  1:52  Marine  
  23  2:04  Orbital Command  
  23  2:07  Marine  
  24  2:10  Marine  
  25  2:18  Bunker  
  25  2:22  Supply Depot  
  25  2:25  Marine  
  25  2:27  Marine  
  27  2:37  SCV  
  27  2:42  Marine  
  29  2:45  Marine  
  29  3:00  Marine  
  29  3:03  Marine  
  30  3:18  Marine  
  30  3:19  SCV  
  32  3:21  Marine  
  32  3:24  Supply Depot  
  33  3:31  SCV  
  33  3:32  Command Center  
  34  3:36  Marine  
  34  3:39  Marine  
  36  3:43  SCV  
  36  3:45  Barracks  
  37  3:48  Barracks  
  37  3:49  Barracks  
  39  4:10  Bunker  
Tags
 
Add a new tag
Caveats
  • Supply blocks, unpowered buildings, or Contaminate may cause inaccurate times.
  • Supply counts are checked every 10 seconds.